 Dungeon Crawl Stone Soup version 0.26.0-45-g9c1d065592 (webtiles) character file.

Game seed: 12521952592009002590

133 kaeus the Stinger (level 5, -3/34 HPs)
             Began as an Octopode Venom Mage on Jan 30, 2021.
             Slain by Grinder (9 damage)
             ... on level 3 of the Dungeon.
             The game lasted 00:02:40 (2774 turns).

kaeus the Stinger (Octopode Venom Mage)             Turns: 2774, Time: 00:02:40

Health: -3/34      AC:  1    Str:  7    XL:     5   Next: 16%
Magic:  5/9        EV: 13    Int: 18    God:
Gold:   185        SH:  0    Dex: 13    Spells: 3/10 levels left

rFire    . . .     SeeInvis .   d - +1 halberd (freeze)
rCold    . . .     Faith    .   (shield currently unavailable)
rNeg     . . .     Spirit   .   (helmet restricted)
rPois    .         Reflect  .   (no amulet)
rElec    .         Harm     .   (no ring)
rCorr    .         Rampage  .   (no ring)
Will     .....                  (no ring)
Stlth    +++.......             (no ring)
HPRegen  0.11/turn              (no ring)
MPRegen  0.11/turn              (no ring)
                                (no ring)
                                (no ring)

@: no status effects
A: almost no armour, stealthy swim, amphibious, 8 rings, constrict 8, camouflage
1, gelatinous body 1
a: no special abilities


You were on level 3 of the Dungeon.
You visited 1 branch of the dungeon, and saw 3 of its levels.

You collected 185 gold pieces.

Inventory:

Hand Weapons
 d - a +1 halberd of freezing (weapon)
Scrolls
 a - 4 scrolls of identify {unknown}
 h - a scroll of enchant weapon {unknown}
 i - a scroll of remove curse {unknown}
Potions
 b - a potion of flight {unknown}
 c - a potion of heal wounds {unknown}
 e - a potion of curing {unknown}
 f - 2 potions of brilliance {unknown}
 g - 3 potions of haste {unknown}
 j - a potion of attraction {unknown}


   Skills:
 - Level 2.0 Fighting
 - Level 2.0 Dodging
 - Level 2.6 Stealth
 + Level 3.0 Spellcasting
 + Level 2.5 Transmutations
 + Level 4.6 Poison Magic


You had 3 spell levels left.
You knew the following spells:

 Your Spells              Type           Power        Failure   Level
a - Sting                 Tmut/Pois      60%          3%          1
b - Mephitic Cloud        Conj/Pois/Air  8%           26%         3
c - Ignite Poison         Fire/Tmut/Pois 11%          19%         3

Your spell library contained the following spells:

 Spells                   Type           Power        Failure   Level
 Poisonous Vapours        Pois/Air       22%          10%         2
 Olgreb's Toxic Radiance  Pois           19%          24%         4


Dungeon Overview and Level Annotations

Branches:
Dungeon (3/15)

Altars:

Annotations:
D:3 Grinder


Innate Abilities, Weirdness & Mutations

You cannot wear most types of armour.
You are very stealthy in the water. (Stealth+)
You are amphibious.
You can wear up to eight rings at the same time.
You can use your tentacles to constrict eight enemies at once.
Your skin changes colour to match your surroundings (Stealth+).
Your rubbery body absorbs attacks. (AC +1, EV +1)


Message History

* * * LOW HITPOINT WARNING * * *
You take 13 damage, and have 10/34 hp.
MASSIVE DAMAGE!!
Grinder barely misses you.
You slash Grinder! You grab Grinder.
Grinder is moderately wounded.
You constrict Grinder, but do no damage.
Grinder barely misses you. Grinder hits you.
* * * LOW HITPOINT WARNING * * *
You take 4 damage, and have 6/34 hp.
You are too injured to fight recklessly!
Casting: Sting (safe; 3% risk of failure)
Confirm with . or Enter, or press ? or * to list all spells.
Aiming: Sting (safe; 3% risk of failure)
Press: ? - help, Shift-Dir - straight line, f/p - Grinder
Aim: Grinder (moderately wounded, constricted by you, 2% to evade)
The sting hits Grinder.
Grinder is poisoned.
Grinder is moderately wounded.
You constrict Grinder, but do no damage.
Grinder hits you!
You die...

##.######.#########
#[# #.######### #.#
#.......... #.#
####.......... #.#
#..........#.. #.#
#........l.#.. #.#
#..........#.. #5#
#####'######..
##@#######.# ..
#..........# ..
############ ..


You could see Grinder (poisoned).

Vanquished Creatures
  A worker ant zombie (D:2)
  5 adders
  A gnoll (D:1)
  An ufetubus (D:2)
  2 worms
  2 dart slugs
  2 giant cockroaches
  7 goblins
  5 hobgoblins
  A quokka (D:3)
  A ball python (D:1)
  6 bats (D:1)
  3 frilled lizards
  12 kobolds
  10 rats
59 creatures vanquished.

Notes
Turn   | Place    | Note
-------+----------+-------------------------------------------
     0 | D:1      | kaeus the Octopode Venom Mage began the quest for the Orb.
     0 | D:1      | Reached XP level 1. HP: 11/11 MP: 3/3
   164 | D:1      | Reached XP level 2. HP: 18/18 MP: 1/5
   305 | D:1      | Reached skill level 1 in Fighting
   538 | D:1      | Reached skill level 4 in Poison Magic
   538 | D:1      | Reached XP level 3. HP: 15/23 MP: 0/6
   629 | D:1      | Learned a level 3 spell: Mephitic Cloud
  1238 | D:2      | Reached XP level 4. HP: 29/29 MP: 5/7
  2201 | D:2      | Reached XP level 5. HP: 25/34 MP: 9/9
  2364 | D:2      | Learned a level 3 spell: Ignite Poison
  2735 | D:3      | Noticed Grinder
  2762 | D:3      | Paralysed by Grinder for 3 turns
  2766 | D:3      | Paralysed by Grinder for 5 turns
  2774 | D:3      | Slain by Grinder

Illustrated notes

Levels and vault maps discovered:
D:1:      psy_arrival_terrarium, layout_rooms
D:2:      minmay_wonky_spiral, layout_basic
D:3:      layout_basic, uniq_grinder

Skill      XL: |  1  2  3  4  5 |
---------------+----------------+-----
Fighting       | 1 2 |  2.0
Poison Magic   | 4 |  4.6
Transmutations | 2 |  2.5
Spellcasting   | 3 |  3.0
Dodging        | |  2.0
Stealth        | |  2.6

Action                   |  1- 3 |  4- 6 || total
-------------------------+-------+-------++-------
Melee: Unarmed           |     8 |       ||     8
       Constrict         |    11 |    12 ||    23
       Tentacles         |     5 |     6 ||    11
       Dagger            |    24 |       ||    24
       Halberd           |    13 |    50 ||    63
 Cast: Sting             |    32 |    17 ||    49
 Stab: Sleeping          |       |     2 ||     2
       Distracted        |       |     1 ||     1
Armor: Skin              |     5 |     2 ||     7
Dodge: Dodged            |    27 |    36 ||    63
